 Dungeon Crawl Stone Soup version 0.18-a0-1497-g788d838 (webtiles) character file.

7175 Goblin1989 the Cleaver (level 10, 0/80 HPs)
             Began as a Demonspawn Gladiator on Mar 4, 2016.
             Was a Priest of Makhleb.
             Hit by a stone thrown by Maud (14 damage)
             ... on level 10 of the Dungeon.
             The game lasted 00:46:51 (11129 turns).

Goblin1989 the Cleaver (Demonspawn Gladiator)      Turns: 11129, Time: 00:46:51

Health: 0/80       AC: 11    Str: 24    XL:     10   Next: 86%
Magic:  13/13      EV:  5    Int:  9    God:    Makhleb [***...]
Gold:   341        SH:  0    Dex: 16    Spells: 0 memorised, 9 levels left

rFire  . . .     SeeInvis .     z - +2 war axe (drain)
rCold  . . .     Gourm    .     B - +0 chain mail
rNeg   . . .     Faith    .     (no shield)
rPois  +         Spirit   .     n - +1 helmet
rElec  .         Dismiss  .     e - +0 cloak {MR+}
rCorr  .         Reflect  .     (no gloves)
SustAt .         Harm     .     (no boots)
MR     ++...     Rnd*Rage +     (no amulet)
Stlth  ..........               l - ring of poison resistance
                                x - ring of flight

@: mighty, very resistant to hostile enchantments, extremely unstealthy
A: hooves 1, agile 1, berserk 1, blurry vision 1, low mp 1, magic resistance 1,
nightstalker 1, powered by pain 1, wild magic 2, sturdy frame 1
a: Minor Destruction, Lesser Servant of Makhleb, Renounce Religion, Evoke Flight


You were on level 10 of the Dungeon.
You worshipped Makhleb.
Makhleb was most pleased with you.
You were hungry.

You visited 1 branch of the dungeon, and saw 10 of its levels.

You collected 545 gold pieces.
You spent 204 gold pieces at shops.

Inventory:

Hand Weapons
 i - a +1 hand axe of flaming
 z - a +2 war axe of draining (weapon)
Missiles
 d - 2 throwing nets (quivered)
Armour
 e - a +0 cloak of magic resistance (worn)
 n - a +1 helmet (worn)
 B - a +0 chain mail (worn)
Jewellery
 l - a ring of poison resistance (right hand)
 r - a +3 ring of intelligence
 x - a ring of flight (left hand)
 C - an uncursed ring of wizardry
 E - an uncursed amulet of dismissal
Wands
 G - a wand of slowing (30/48)
 I - a wand of iceblast (4/15)
Scrolls
 a - a scroll of amnesia
 b - a scroll of immolation
 c - 4 scrolls of identify
 h - a scroll of fog
 j - 3 scrolls of remove curse
 k - a scroll of enchant armour
 p - 3 scrolls of fear
 t - 4 scrolls of teleportation
 v - 2 scrolls of magic mapping
 w - 4 scrolls of blinking
 y - a scroll of noise
 A - 2 scrolls of recharging
 H - a scroll of vulnerability
Potions
 o - a potion of heal wounds
 q - a potion of lignification
 s - 2 potions of flight
 u - a potion of berserk rage
 D - 6 potions of curing
 F - a potion of agility
Comestibles
 f - 5 bread rations
 g - 3 meat rations
 m - a slice of pizza


   Skills:
 + Level 7.8 Fighting
 * Level 12.8 Axes
 - Level 1.7 Throwing
 - Level 2.6 Dodging
 + Level 6.5 Invocations


You had 9 spell levels left.
You didn't know any spells.

Dungeon Overview and Level Annotations

Branches:
Dungeon (10/15)            Temple (0/1) D:4             Orc (0/2) D:9
   Lair: D:8-11

Altars:
Cheibriados
Dithmenos
Gozag
Makhleb
Pakellas
Qazlal
Xom
Zin
The Shining One

Shops:
D:6 *[=

Annotations:
D:8 Joseph, Maurice, Prince Ribbit
D:10 Maud


Innate Abilities, Weirdness & Mutations

You have large cloven feet.
You are slightly more attuned to the shadows.
You sometimes gain a little power by taking damage.
Your movements are slightly less encumbered by armour (ER -2).
You are agile. (Dex +2)
You tend to lose your temper in combat.
Scrolls take you a little longer to read.
Your magical capacity is low (-10% MP).
You are resistant to hostile enchantments.
Your spells are harder to cast, but more powerful.


Message History

Your ynoxinul gestures at the hill giant.
The iron shot hits the hill giant.
The hill giant hits your ynoxinul with a giant spiked club!!!
Your ynoxinul dies!
You swap places.
Your ufetubus disappears in a puff of smoke! x3
Okay, then.
Maud shouts!
Maud throws a stone.
The stone hits you but does no damage.
You see here a stone.
Maud drinks a potion.
Maud suddenly seems more agile.
Maud throws a stone.
The stone hits you but does no damage.
There is a stone staircase leading up, spattered with blood here.
Items here: ( ††† a stone; an adder corpse; a killer bee corpse x2
Press: ? - help, v - describe, . - travel
Here: Maud, wielding an enchanted long sword and wearing a chain mail (unusually agile)
The floor.
Maud throws a stone.
The stone hits you!
You die...

#########
.#######.......#
.....##.#####.#
#....#.....#.#
.###....#####(#C#
............)@..#s####
...###...####.###....#
!........##.).....##.###
....###...#@#...#.#....#
..........)....[.>#..#.#
...(...##.#.......#....#
!#.###.##.#########[####
# ###.##.# #...#
#....#.# #.###


You could see Maud.

Vanquished Creatures
  A hill giant (D:10)
  The ghost of manon the Conjurer, a novice GrWz (D:6)
  A wyvern (D:5)
  5 yaks
  Grum (D:8)
  2 wolves (D:8)
  5 ice beasts
  An orc warrior (D:9)
  An eye of draining (D:9)
  A black bear (D:7)
  A sky beast (D:5)
  A necrophage (D:6)
  3 centaurs
  5 ogres
  3 big kobolds
  Blork the orc (D:4)
  6 giant frogs
  3 scorpions
  8 killer bees
  9 howler monkeys
  2 crimson imps
  12 hounds
  2 jellies
  An iron imp (D:6)
  A giant frog skeleton (D:6)
  5 orc priests
  4 orc wizards
  A gnoll shaman (D:8)
  6 iguanas
  3 worker ants
  2 sheep (D:8)
  A hound zombie (D:7)
  A hound skeleton (D:5)
  Robin (D:4)
  6 gnolls
  7 adders
  3 shadow imps
  2 oozes (D:1)
  2 adder zombies (D:5)
  An adder skeleton (D:6)
  4 worms
  4 dart slugs
  A giant gecko (D:8)
  32 orcs
  A ball python (D:6)
  4 bats
  11 giant cockroaches
  18 goblins
  17 hobgoblins
  17 jackals
  A quokka (D:2)
  A giant newt (D:2)
  A goblin skeleton (D:6)
  3 goblin zombies (D:6)
  2 hobgoblin zombies (D:6)
  14 kobolds
  2 kobold skeletons (D:6)
  A kobold zombie (D:6)
  2 orc skeletons (D:6)
  A quokka skeleton (D:7)
  8 rats
267 creatures vanquished.

Vanquished Creatures (collateral kills)
  A hydra (D:7)
  A centaur zombie (D:10)
  Psyche (D:10)
  An ogre (D:10)
  A killer bee (D:10)
  A shadow imp (D:10)
6 creatures vanquished.

Vanquished Creatures (others)
  A plant (D:8)
1 creature vanquished.

Grand Total: 274 creatures vanquished

Notes
Turn   | Place    | Note
--------------------------------------------------------------
     0 | D:1      | Goblin1989 the Demonspawn Gladiator began the quest for the Orb.
     0 | D:1      | Reached XP level 1. HP: 16/16 MP: 1/1
    93 | D:1      | Reached skill level 3 in Axes
   140 | D:1      | Gained mutation: You sometimes gain a little power by taking damage. [demonic ancestry]
   140 | D:1      | Reached XP level 2. HP: 12/22 MP: 2/2
   516 | D:1      | Reached XP level 3. HP: 20/27 MP: 3/3
   757 | D:1      | Reached skill level 4 in Axes
   934 | D:1      | Upgraded the game from 0.18-a0-1485-g189885c to 0.18-a0-1497-g788d838
   962 | D:2      | Found a shimmering altar of Xom.
   963 | D:2      | Found a shimmering altar of Xom.
   969 | D:2      | Became a worshipper of Xom of Chaos
  1012 | D:2      | XOM: divination: detect creatures
  1016 | D:2      | XOM: noise
  1064 | D:2      | XOM: mild Divn miscast
  1151 | D:2      | Found a faded altar to an unknown god.
  1284 | D:2      | Reached XP level 4. HP: 33/33 MP: 4/4
  1392 | D:2      | XOM: divination: detect creatures
  1504 | D:2      | Found a burning altar of Makhleb.
  1617 | D:3      | Reached skill level 5 in Axes
  1680 | D:3      | XOM: smoke on damage
  1693 | D:3      | XOM: god gift: phial of floods
  1699 | D:3      | Found an opulent altar of Gozag.
  1847 | D:3      | Gained mutation: You are slightly more attuned to the shadows. [demonic ancestry]
  1847 | D:3      | Reached XP level 5. HP: 29/38 MP: 5/5
  2033 | D:3      | XOM: stat loss: -1 Int (11/12)
  2043 | D:3      | XOM: noise
  2324 | D:4      | Found an oddly glowing altar of Pakellas.
  2595 | D:4      | Reached skill level 6 in Axes
  2609 | D:4      | XOM: 3-stop teleportation journey
  2674 | D:4      | Noticed Blork the orc
  2678 | D:4      | XOM: stat loss: -1 Dex (12/13)
  2682 | D:4      | Killed Blork the orc
  2682 | D:4      | Reached XP level 6. HP: 44/44 MP: 6/6
  2798 | D:4      | Found a stormy altar of Qazlal.
  2801 | D:4      | XOM: harmless Ice miscast
  2892 | D:4      | XOM: colour smoke trail
  3019 | D:4      | XOM: harmless Divn miscast
  3147 | D:4      | Reached skill level 7 in Axes
  3190 | D:4      | XOM: mild Fire miscast
  3248 | D:4      | Noticed Robin
  3253 | D:4      | Killed Robin
  3281 | D:4      | XOM: polymorph hobgoblin -> gnoll
  3403 | D:2      | Fell from the grace of Xom
  3403 | D:2      | Became a worshipper of Makhleb the Destroyer
  3480 | D:4      | Found a staircase to the Ecumenical Temple.
  3860 | D:5      | Entered Level 5 of the Dungeon
  3902 | D:5      | Reached XP level 7. HP: 40/50 MP: 7/7
  4346 | D:5      | XOM: summons 2 hostile shadow creatures
  4910 | D:5      | Reached skill level 8 in Axes
  5278 | D:5      | Noticed a wyvern
  5284 | D:5      | Killed a wyvern
  5419 | D:5      | Reached * piety under Makhleb
  5543 | D:5      | Gained mutation: Your movements are slightly less encumbered by armour (ER -2). [demonic ancestry]
  5543 | D:5      | Reached XP level 8. HP: 56/56 MP: 8/8
  5568 | D:4      | Reached skill level 9 in Axes
  6136 | D:6      | Found Mutoo's Assorted Antiques.
  6142 | D:6      | Found Hoigoinom's Jewellery Shoppe.
  6145 | D:6      | Bought a scroll of identify for 48 gold pieces
  6145 | D:6      | Bought a potion of curing for 72 gold pieces
  6145 | D:6      | Bought a runed war axe for 84 gold pieces
  6175 | D:6      | Found Tennuibb's Antique Armour Shop.
  6297 | D:6      | XOM: summons 2 hostile shadow creatures
  6308 | D:6      | Noticed manon's ghost (novice GrWz)
  6333 | D:6      | Killed manon's ghost
  6341 | D:6      | Reached skill level 10 in Axes
  6342 | D:6      | Found a glowing golden altar of the Shining One.
  6814 | D:6      | XOM: give mutation
  6814 | D:6      | Gained mutation: Scrolls take you a little longer to read. [Xom's mischief]
  6935 | D:7      | XOM: medium Divn miscast
  7004 | D:7      | XOM: medium Pois miscast
  7046 | D:7      | Reached ** piety under Makhleb
  7122 | D:7      | XOM: enchant monster (bad)
  7598 | D:7      | Gained mutation: You have large cloven feet. [demonic ancestry]
  7598 | D:7      | Reached XP level 9. HP: 59/65 MP: 9/9
  7663 | D:8      | Found a glowing silver altar of Zin.
  7772 | D:7      | XOM: vitrification
  7805 | D:7      | XOM: medium Erth miscast
  8065 | D:7      | XOM: mild Hex miscast
  8244 | D:7      | XOM: noise
  8283 | D:7      | XOM: noise
  8323 | D:8      | Reached skill level 5 in Fighting
  8324 | D:8      | XOM: blink monster(s)
  8349 | D:7      | Reached skill level 11 in Axes
  8549 | D:8      | XOM: blink monster(s)
  8556 | D:8      | Reached *** piety under Makhleb
  8569 | D:8      | XOM: chaos upgrade
  8576 | D:8      | Noticed Prince Ribbit
  8600 | D:7      | XOM: medium Air miscast
  8752 | D:8      | Noticed Joseph
  8795 | D:7      | XOM: medium Summ miscast
  8796 | D:7      | Noticed an orange demon
  8854 | D:7      | XOM: mild Hex miscast
  8933 | D:7      | XOM: noise
  8954 | D:7      | XOM: mild Summ miscast
  9116 | D:8      | XOM: divination: detect items
  9123 | D:8      | Noticed Grum
  9134 | D:8      | Killed Grum
  9166 | D:8      | Reached skill level 1 in Invocations
  9369 | D:9      | XOM: noise
  9381 | D:9      | Reached XP level 10. HP: 77/77 MP: 8/12
  9639 | D:9      | Gained mutation: Your magical capacity is low (-10% MP). [potion of mutation]
  9639 | D:9      | Gained mutation: You tend to lose your temper in combat. [potion of mutation]
  9639 | D:9      | Gained mutation: You are resistant to hostile enchantments. [potion of mutation]
  9747 | D:5      | Gained mutation: You are agile. (Dex +2) [potion of mutation]
  9747 | D:5      | Gained mutation: You have hoof-like feet. [potion of mutation]
  9747 | D:5      | Gained mutation: Your spells are a little harder to cast, but a little more powerful. [potion of mutation]
  9799 | D:8      | Found a shadowy altar of Dithmenos.
  9830 | D:8      | XOM: harmless Pois miscast
  9849 | D:8      | Noticed a two-headed hydra
  9857 | D:8      | Reached skill level 12 in Axes
  9916 | D:7      | Killed a three-headed hydra
 10245 | D:8      | XOM: noise
 10266 | D:8      | Noticed Maurice
 10348 | D:9      | XOM: medium Fire miscast
 10457 | D:9      | XOM: medium Ice miscast
 10457 | D:9      | Was forgiven by Xom
 10668 | D:9      | Reached skill level 5 in Invocations
 10679 | D:9      | Found a snail-covered altar of Cheibriados.
 10693 | D:9      | Reached **** piety under Makhleb
 10769 | D:9      | Found a staircase to the Orcish Mines.
 10865 | D:10     | Entered Level 10 of the Dungeon
 10865 | D:10     | Noticed Maud
 10932 | D:10     | Noticed a hill giant
 10937 | D:10     | Killed a hill giant
 10956 | D:10     | Noticed Psyche
 10989 | D:10     | Killed Psyche
 11102 | D:10     | Gained mutation: Your spells are harder to cast, but more powerful. [potion of mutation]
 11102 | D:10     | Lost mutation: You have hoof-like feet. [potion of mutation]
 11104 | D:10     | Noticed a hill giant
 11129 | D:10     | Hit by a stone thrown by Maud

Vault maps used:
D:1:      wheals_arrival_linesprint
D:2:      lemuel_round_altar, xom_redecorated, ecumenical_altar_1, first_bread
D:3:      grunt_gozag_breadcrumbs
D:4:      kennysheep_goblin_castle, nicolae_overflow_crystal_walls,
          temple_doors_c, grunt_pakellas_basics, uniq_blork_the_orc
D:6:      nicolae_tso_besieged_by_evil, serial_shops, shop, nicolae_shop_trees,
          shop, nrook_mini_vaults
D:8:      old_standard_altar, nicolae_dithmenos_shadow_blocks, basic_altar,
          hangedman_ranch, grunt_ministairs_1, uniq_prince_ribbit1, uniq_joseph,
          uniq_grum, uniq_maurice
D:9:      cheibriados_altar_wand_db, nicolae_overflow_hidden_temple, orc_0_dummy
D:10:     minivault_16, uniq_psyche, uniq_sonja, uniq_maud

Skill      XL: |  1  2  3  4  5  6  7  8  9 10 |
---------------+-------------------------------+-----
Axes           | 3 4 5 6 7 8 10 11 12 | 12.8
Fighting       | 4 6 7 |  7.8
Invocations    | 3 6 |  6.5
Throwing       | |  1.7
Dodging        | |  2.6

Action                   |  1- 3 |  4- 6 |  7- 9 | 10-12 || total
-------------------------+-------+-------+-------+-------++-------
Melee: War axe           |   129 |   229 |   519 |   155 ||  1032
Throw: Throwing net      |       |     1 |       |       ||     1
Invok: Lesser Servant of |       |       |       |     9 ||     9
  Use: Scroll            |       |       |    17 |     4 ||    21
       Potion            |       |       |     4 |     3 ||     7
 Stab: Sleeping          |     1 |     2 |       |       ||     3
       Held in net/web   |       |     1 |       |       ||     1
       Distracted        |       |       |       |     1 ||     1
  Eat: Chunk             |     1 |     8 |    14 |     5 ||    28
       Pizza             |       |       |     1 |       ||     1
       Beef jerky        |       |       |     1 |     1 ||     2
       Royal jelly       |       |       |     1 |       ||     1
